[Event "Titled Tuesday Blitz January 31 Early 2023"]
[White "Golubev, Mikhail"]
[Black "Liimatainen, Jero"]
[WhiteFideId "14100983"]
[BlackFideId "509531"]
[WhiteElo "2461"]
[BlackElo "1948"]
[Result "1-0"]
[Round "09"]
[TimeControl "180+2"]
[Date "2023.01.31"]
[WhiteClock "0:00:04"]
[BlackClock "0:00:01"]

1. e4 c5 2. Nf3 d6 3. d4 cxd4 4. Nxd4 Nf6 5. Nc3 Nc6 6. Bc4 Bd7 7. Bb3 g6 8. Be3 Bg7 9. f3 O-O 10. h4 Nxd4 11. Bxd4 Qa5 12. h5 Nxh5 13. Bxg7 Nxg7 14. Qd2 h5 15. O-O-O Rac8 16. g4 Kh7 17. gxh5 Nxh5 18. Rdg1 f6 19. Qg2 Be8 20. Rxh5+ Qxh5 21. Rh1 Qxh1+ 22. Qxh1+ Kg7 23. Nd5 e5 24. Qg2 Rh8 25. a4 Bf7 26. Kb1 Bxd5 27. Bxd5 b6 28. Be6 Rc7 29. Bf5 g5 30. Be6 Re7 31. Bb3 Rd7 32. Qd2 Rh1+ 33. Ka2 Rh8 34. Qd5 Rhd8 35. Qe6 Rc7 36. c3 Rb7 37. Bd5 Rc7 38. Qg4 Re7 39. Be6 Rc7 40. Bf5 Rh8 41. Qg2 Re7 42. Qd2 Rd8 43. Ka3 Rc7 44. Qd3 Re7 45. a5 bxa5 46. Qa6 Rb8 47. Qxa5 Reb7 48. b4 Re7 49. Qd5 Rd8 50. Kb3 Rc7 51. Qd3 Rc6 52. c4 Rb8 53. Qd5 Rcb6 54. b5 a6 55. Qe6 R8b7 56. Qe8 axb5 57. c5 dxc5 58. Be6 Rxe6 59. Qxe6 c4+ 60. Kc2 b4 61. Qc6 b3+ 62. Kb2 c3+ 63. Qxc3 Rf7 64. Qc5 Rd7 65. Qc4 Rd4 66. Qc7+ Kg6 67. Qc8 Rd3 68. Qf5+ Kg7 69. Ka3 Re3 70. Qg4 Rd3 71. Qg2 Rd4 72. Qe2 Kg6 73. Kxb3 Kh5 74. f4+ Kg6 75. fxe5 fxe5 76. Qf3 Rd2 77. Qf5+ Kh5 78. Qxe5 Kh4 79. Qf6 Re2 80. e5 1-0


[Site "https://www.chess.com"]

[Event "Titled Tuesday Blitz January 31 Early 2023"]
[White "Petrova, Irina"]
[Black "Przybylski, Wojciech"]
[WhiteFideId "14124122"]
[BlackFideId "1117599"]
[WhiteElo "2108"]
[BlackElo "2321"]
[Result "1-0"]
[Round "09"]
[TimeControl "180+2"]
[Date "2023.01.31"]
[WhiteClock "0:00:14"]
[BlackClock "0:00:01"]

1. e4 c5 2. Nf3 e6 3. c4 Nc6 4. Nc3 Nge7 5. g3 Nd4 6. Bg2 Nec6 7. O-O h5 8. d3 Be7 9. Rb1 h4 10. a3 b6 11. Nxd4 Nxd4 12. b4 Bb7 13. Be3 O-O 14. Bxd4 cxd4 15. Ne2 e5 16. f4 d6 17. gxh4 Bxh4 18. Ng3 exf4 19. Rxf4 Bg5 20. Rf1 g6 21. Qg4 Bc8 22. Qf3 Be3+ 23. Kh1 Qg5 24. Qf6 Qxf6 25. Rxf6 Be6 26. e5 dxe5 27. Bxa8 Rxa8 28. Rxe6 fxe6 29. Ne4 Kf7 30. Kg2 Ke7 31. c5 Kd7 32. Rf1 a5 33. b5 bxc5 34. Nxc5+ Kd6 35. Ne4+ Kc7 36. a4 Bf4 37. Rf3 Kb7 38. Rh3 Kb6 39. Rh7 Rc8 40. Re7 Rc2+ 41. Kf3 Rxh2 42. Rxe6+ Kb7 43. Nc5+ Kc8 44. b6 Rh8 45. b7+ Kb8 46. Rxg6 Bh2 47. Ke4 Rf8 48. Kd5 Rd8+ 49. Kc6 Ka7 50. Nd7 e4 51. b8=Q+ 1-0


[Site "https://www.chess.com"]

[Event "Titled Tuesday Blitz January 31 Early 2023"]
[White "Ljukin, Sergei"]
[Black "Pavlidou, Ekaterini"]
[WhiteFideId "14102200"]
[BlackFideId "4213262"]
[WhiteElo "2362"]
[BlackElo "2088"]
[Result "1-0"]
[Round "09"]
[TimeControl "180+2"]
[Date "2023.01.31"]
[WhiteClock "0:01:23"]
[BlackClock "0:01:42"]

1. e4 c5 2. Nf3 e6 3. d4 cxd4 4. Nxd4 Nf6 5. Nc3 Nc6 6. Nxc6 bxc6 7. e5 Nd5 8. Ne4 Qc7 9. f4 Qb6 10. c4 Bb4+ 11. Ke2 Ba6 12. Kf3 f5 13. exf6 Nxf6 14. Be3 c5 15. Nxf6+ gxf6 16. Kf2 Qc6 17. Be2 O-O-O 18. Bf3 d5 19. a3 Ba5 20. cxd5 exd5 21. b4 Qc7 22. Bxc5 Bb6 23. Rc1 Bc4 24. Qd4 Rhe8 25. Rhe1 Re4 26. Bxe4 dxe4 27. Qxc4 Rd2+ 28. Kg1 1-0


[Site "https://www.chess.com"]

[Event "Titled Tuesday Blitz January 31 Early 2023"]
[White "Ramirez Allo, Eduardo"]
[Black "Onslow, Alfie"]
[WhiteFideId "2224178"]
[BlackFideId "436976"]
[WhiteElo "2274"]
[BlackElo "2157"]
[Result "0-1"]
[Round "09"]
[TimeControl "180+2"]
[Date "2023.01.31"]
[WhiteClock "0:00:05"]
[BlackClock "0:00:05"]

1. d4 d5 2. c4 e6 3. Nf3 c6 4. Nbd2 f5 5. g3 Nf6 6. Bg2 Be7 7. O-O O-O 8. Ne5 Nbd7 9. Ndf3 Nxe5 10. Nxe5 Bd7 11. Rb1 b5 12. cxb5 cxb5 13. Bf4 Ne4 14. Rc1 Rc8 15. Qd3 Nd6 16. Rxc8 Qxc8 17. Rc1 Qb7 18. Bf1 Nc4 19. b3 Nxe5 20. Bxe5 Rc8 21. Rxc8+ Qxc8 22. e3 Qc1 23. h4 Qb2 24. a4 a6 25. h5 Bb4 26. Qd1 Qa2 27. g4 bxa4 28. gxf5 exf5 29. Qf3 Qxb3 30. Qg3 Bf8 31. Bxg7 a3 32. Be5+ Kf7 33. Qg5 Qb6 34. h6 a2 35. Kg2 Qg6 36. Be2 Qxg5+ 0-1


[Site "https://www.chess.com"]

[Event "Titled Tuesday Blitz January 31 Early 2023"]
[White "Mohammed, Zozek Salah Mohammed"]
[Black "Alfaro, William"]
[WhiteFideId "4803361"]
[BlackFideId "6100457"]
[WhiteElo "2210"]
[BlackElo "2134"]
[Result "0-1"]
[Round "09"]
[TimeControl "180+2"]
[Date "2023.01.31"]
[WhiteClock "0:00:21"]
[BlackClock "0:00:17"]

1. d4 Nf6 2. Nf3 g6 3. g3 Bg7 4. Bg2 O-O 5. O-O d6 6. c4 Nc6 7. Nc3 e5 8. dxe5 dxe5 9. Bg5 Qxd1 10. Rfxd1 Bg4 11. h3 Bxf3 12. Bxf3 Nd4 13. Bg2 c6 14. e3 Ne6 15. Bxf6 Bxf6 16. Ne4 Bg7 17. Rd7 Rfd8 18. Rxb7 Rab8 19. Rxb8 Rxb8 20. b3 f5 21. Nd6 Rd8 22. Nb7 Rd2 23. Bxc6 Kf8 24. a3 e4 25. Rb1 Ng5 26. Kg2 Ra2 27. a4 Nf3 28. Nc5 Bc3 29. Ne6+ Ke7 30. Nf4 Be1 31. Nd3 exd3 32. Bxf3 Rxf2+ 33. Kg1 d2 34. Bd1 g5 35. b4 f4 36. exf4 gxf4 37. gxf4 Rxf4 38. c5 Kd7 39. b5 Bf2+ 40. Kg2 Bxc5 41. a5 Rc4 42. Rb2 Bb4 43. b6 axb6 44. axb6 Kc6 45. Be2 Rd4 46. Bd3 h6 47. Kf2 Kxb6 48. Ke2 Kc5 49. Bc2 Rh4 50. Rb3 Kc4 51. Rd3 Bc3 52. Rg3 h5 53. Bg6 Rf4 54. Bxh5 Kb3 55. Ke3 Rf5 56. Be2 Re5+ 57. Kd3 Rd5+ 58. Ke3 Kc2 59. h4 Re5+ 60. Kf2 Rxe2+ 61. Kxe2 d1=Q+ 0-1


[Site "https://www.chess.com"]

[Event "Titled Tuesday Blitz January 31 Early 2023"]
[White "Manukian, Artak"]
[Black "Koridze, Lile"]
[WhiteFideId "13301373"]
[BlackFideId "13612514"]
[WhiteElo "2196"]
[BlackElo "2191"]
[Result "1-0"]
[Round "09"]
[TimeControl "180+2"]
[Date "2023.01.31"]
[WhiteClock "0:00:26"]
[BlackClock "0:01:45"]

1. e4 c5 2. Nf3 d6 3. Bb5+ Nd7 4. O-O a6 5. Bd3 Ngf6 6. Re1 e5 7. a4 Be7 8. c3 O-O 9. Bc4 Rb8 10. d4 b5 11. axb5 axb5 12. Bb3 Qb6 13. dxe5 Nxe5 14. Nxe5 dxe5 15. Nd2 c4 16. Bc2 Bc5 17. Rf1 Ng4 18. Qe2 Be6 19. h3 Nf6 20. Nf3 Qc7 21. Bg5 Nd7 22. Rfd1 f6 23. Be3 b4 24. Rxd7 Bxd7 25. Qxc4+ Kh8 26. Qxc5 Qxc5 27. Bxc5 bxc3 28. Bxf8 cxb2 29. Rb1 Rxf8 30. Rxb2 Rc8 31. Bd3 g6 32. Rb7 Be6 33. Rb6 Re8 34. Bb5 Re7 35. Bc6 Kg7 36. Rb7 1-0


[Site "https://www.chess.com"]

[Event "Titled Tuesday Blitz January 31 Early 2023"]
[White "Guliev, Logman"]
[Black "Rose, Felix"]
[WhiteFideId "13400061"]
[BlackFideId "5105722"]
[WhiteElo "2250"]
[BlackElo "2091"]
[Result "0-1"]
[Round "09"]
[TimeControl "180+2"]
[Date "2023.01.31"]
[WhiteClock "0:00:09"]
[BlackClock "0:00:10"]

1. e4 e5 2. Nf3 Nc6 3. Bb5 a6 4. Ba4 Nf6 5. O-O b5 6. Bb3 Be7 7. d4 d6 8. c3 O-O 9. h3 Bb7 10. Re1 h6 11. Nbd2 Re8 12. Nf1 Bf8 13. Ng3 g6 14. a3 Bg7 15. Ba2 d5 16. Nxe5 Nxe5 17. dxe5 Nxe4 18. Nxe4 dxe4 19. Qg4 Bd5 20. Rd1 c6 21. Bf4 h5 22. Qg3 Qd7 23. c4 bxc4 24. Bxc4 Qe6 25. Bf1 Bxe5 26. Bxe5 Qxe5 27. Qe3 Qxb2 28. Rab1 Qe5 29. Rb7 a5 30. Rdb1 Rab8 31. Qa7 Rxb7 32. Rxb7 e3 33. fxe3 Qxe3+ 34. Qxe3 Rxe3 35. a4 Ra3 36. Ra7 Rxa4 37. g4 hxg4 38. hxg4 Rxg4+ 39. Kf2 a4 40. Ke3 Rb4 41. Be2 Kg7 42. Bd1 Bb3 43. Bf3 c5 44. Bc6 c4 45. Bd5 c3 46. Rxf7+ Kh6 47. Rd7 Bxd5 48. Rxd5 a3 49. Ra5 c2 50. Kd2 Rc4 51. Kc1 Rc3 52. Ra8 Kg5 53. Ra7 Kg4 54. Ra4+ Kf5 55. Ra5+ Kf4 56. Ra4+ Ke3 57. Rg4 a2 58. Ra4 g5 59. Rxa2 g4 60. Ra8 g3 61. Re8+ Kf2 62. Rf8+ Kg1 63. Rg8 g2 64. Rg7 Rf3 65. Kxc2 Kf2 66. Kd2 g1=Q 67. Rxg1 Kxg1 68. Ke2 Kg2 69. Ke1 Ra3 0-1


[Site "https://www.chess.com"]

[Event "Titled Tuesday Blitz January 31 Early 2023"]
[White "Gressmann, Moritz"]
[Black "Erzhanov, Arman"]
[WhiteFideId "24695084"]
[BlackFideId "4138821"]
[WhiteElo "2129"]
[BlackElo "2228"]
[Result "0-1"]
[Round "09"]
[TimeControl "180+2"]
[Date "2023.01.31"]
[WhiteClock "0:00:01"]
[BlackClock "0:00:45"]

1. e4 c5 2. Nf3 Nc6 3. Bb5 d6 4. Bxc6+ bxc6 5. O-O e5 6. c3 f5 7. exf5 Bxf5 8. d4 cxd4 9. cxd4 e4 10. Re1 Be7 11. Nfd2 d5 12. f3 Nf6 13. Nc3 Qb6 14. Nb3 O-O 15. Bg5 Rae8 16. fxe4 Nxe4 17. Bxe7 Rxe7 18. Nxe4 Bxe4 19. Qd2 Ref7 20. Nc5 Rf2 21. Re2 Rxe2 22. Qxe2 Qb4 23. Rd1 Bf5 24. a3 Qb8 25. Rf1 Re8 26. Qf2 Bg6 27. Nd7 Qd6 28. Ne5 h6 29. Rc1 Rc8 30. Qg3 Kh7 31. Qc3 Be4 32. Qg3 c5 33. dxc5 Rxc5 34. Rxc5 Qxc5+ 35. Qf2 Qc1+ 36. Qf1 Qxb2 37. Nf3 Qxa3 38. Qd1 Qe3+ 39. Kh1 Bxf3 40. gxf3 d4 41. Qb1+ d3 0-1


[Site "https://www.chess.com"]

[Event "Titled Tuesday Blitz January 31 Early 2023"]
[White "Kornyukov, Alexey"]
[Black "Donskov, Anatoly"]
[WhiteFideId "4150457"]
[BlackFideId "24143413"]
[WhiteElo "2452"]
[BlackElo "2279"]
[Result "0-1"]
[Round "09"]
[TimeControl "180+2"]
[Date "2023.01.31"]
[WhiteClock "0:01:20"]
[BlackClock "0:01:08"]

1. e4 c5 2. Nf3 e6 3. c3 d5 4. exd5 Qxd5 5. d4 Nf6 6. Be2 Be7 7. O-O O-O 8. c4 Qd8 9. Nc3 cxd4 10. Nxd4 e5 11. Ndb5 Nc6 12. Be3 a6 13. Qxd8 Rxd8 14. Bb6 axb5 15. Bxd8 Bxd8 16. cxb5 Nd4 17. Bc4 Be6 18. Bxe6 Nxe6 19. a4 Nd4 20. Rfd1 Ba5 21. Na2 Nb3 22. Rab1 h5 23. Nc3 Rc8 24. Nd5 Nxd5 25. Rxd5 f6 26. Rd7 b6 27. Rd3 Nc5 28. Rd6 Nxa4 29. b4 Bxb4 0-1


[Site "https://www.chess.com"]

[Event "Titled Tuesday Blitz January 31 Early 2023"]
[White "Nguyen Hong Nhung"]
[Black "Hrbek, Stepan"]
[WhiteFideId "12412201"]
[BlackFideId "393479"]
[WhiteElo "2003"]
[BlackElo "2306"]
[Result "1-0"]
[Round "09"]
[TimeControl "180+2"]
[Date "2023.01.31"]
[WhiteClock "0:00:05"]
[BlackClock "0:00:03"]

1. e4 c5 2. Nc3 Nc6 3. f4 g6 4. Nf3 Bg7 5. Bc4 e6 6. O-O Nge7 7. d3 d5 8. Bb3 O-O 9. Qe1 a6 10. a4 Nd4 11. Nxd4 cxd4 12. Ne2 dxe4 13. dxe4 d3 14. Nc3 Nc6 15. Rf3 dxc2 16. Bxc2 Nd4 17. Rf2 Nxc2 18. Rxc2 b6 19. e5 Bb7 20. Be3 Qc7 21. Qf2 Rac8 22. Rac1 Qc4 23. Bxb6 f6 24. Nb5 Qxa4 25. Nd6 Rxc2 26. Qxc2 Qxc2 27. Rxc2 Bd5 28. Bd4 fxe5 29. fxe5 h5 30. Rc7 Rf4 31. Bc3 Rg4 32. g3 Rg5 33. Rc8+ Kh7 34. Rc7 h4 35. Kf2 hxg3+ 36. hxg3 Rh5 37. Ne8 Rh2+ 38. Ke3 Kh6 39. Rxg7 Rg2 40. Ra7 Rxg3+ 41. Kd4 Kg5 42. Nf6 Bb3 43. Rxa6 Rg1 44. Ne4+ Kf4 45. Nf6 Rd1+ 46. Kc5 g5 47. Ra8 g4 48. Rg8 g3 49. Nh5+ Ke3 50. Rxg3+ Ke4 51. Rg4+ Kf5 52. Rd4 Re1 53. Rd8 Rc1 54. Ng7+ Kg6 55. Nxe6 Bxe6 56. Rd6 Kf5 57. Kb5 Rb1 58. Rd2 Rc1 59. Rf2+ Ke4 60. Rf6 Kd5 61. Rf4 Bf5 62. Rxf5 Ke4 63. Rf6 Kd5 64. Rd6+ Ke4 65. Rd4+ Kf5 66. Rd2 Ke6 67. Re2 Rb1 68. Kc4 Ra1 69. b4 Ra4 70. Kb5 Ra3 71. Re3 Ra8 72. Kc4 Rc8+ 73. Kb3 Rb8 74. Bd4 Kd5 75. Bb2 Ke6 76. Ba3 Rb7 77. Kc4 Rc7+ 78. Kb5 Rc8 79. Ka5 Ra8+ 80. Kb6 Rb8+ 81. Kc7 Rb5 82. Kc6 Rb8 83. b5 Ra8 84. b6 Rc8+ 85. Kb7 Rc4 86. Bd6 Ra4 87. Kc8 Rf4 88. b7 Rf7 89. Rc3 Kf5 90. Rc7 1-0


[Site "https://www.chess.com"]

[Event "Titled Tuesday Blitz January 31 Early 2023"]
[White "Ivanova, Karina"]
[Black "Jovic, Stanoje"]
[WhiteFideId "24139750"]
[BlackFideId "905020"]
[WhiteElo "2085"]
[BlackElo "2075"]
[Result "1-0"]
[Round "09"]
[TimeControl "180+2"]
[Date "2023.01.31"]
[WhiteClock "0:00:34"]
[BlackClock "0:00:01"]

1. d4 Nf6 2. Nf3 e6 3. g3 b5 4. c4 bxc4 5. Qa4 a5 6. Qxc4 Bb4+ 7. Nc3 Ba6 8. Qb3 O-O 9. Bg2 d5 10. a3 Bc4 11. Qc2 Bxc3+ 12. Qxc3 Ne4 13. Qc2 a4 14. Nd2 Nxd2 15. Bxd2 c5 16. dxc5 Na6 17. Qxa4 Nxc5 18. Qc2 Nb3 19. Rd1 Rc8 20. Bb4 Re8 21. O-O Qb6 22. Rfe1 Nd4 23. Qd2 Nb3 24. Qc2 Qb5 25. e3 e5 26. Qf5 g6 27. Qf6 Rc6 28. Qg5 Kg7 29. g4 h6 30. Qh4 g5 31. Qg3 f6 32. f4 Be2 33. Rd2 Bc4 34. h4 exf4 35. exf4 gxf4 36. Qf2 Rxe1+ 37. Qxe1 1-0


[Site "https://www.chess.com"]

[Event "Titled Tuesday Blitz January 31 Early 2023"]
[White "Vetokhin, Ilia"]
[Black "Tuleyeva-Aketayeva, Dana"]
[WhiteFideId "24156078"]
[BlackFideId "13701932"]
[WhiteElo "2305"]
[BlackElo "2130"]
[Result "1-0"]
[Round "09"]
[TimeControl "180+2"]
[Date "2023.01.31"]
[WhiteClock "0:01:19"]
[BlackClock "0:00:07"]

1. d4 Nf6 2. c4 e6 3. g3 Bb4+ 4. Nd2 d5 5. Bg2 O-O 6. Nf3 Ne4 7. Qc2 Nc6 8. O-O Nxd2 9. Bxd2 Bxd2 10. Qxd2 dxc4 11. a4 Rb8 12. Rac1 Qf6 13. Rxc4 Rd8 14. e3 Ne7 15. Rxc7 Nd5 16. Rc2 Bd7 17. b3 b5 18. e4 Ne7 19. e5 Qg6 20. Rc7 bxa4 21. bxa4 Nf5 22. Rxa7 Bc6 23. Nh4 Nxh4 24. Bxc6 Nf5 25. Be4 Rxd4 26. Qxd4 Nxd4 27. Bxg6 hxg6 28. Kg2 Rb2 29. a5 Nf5 30. Re1 Nd4 31. Ra8+ Kh7 32. a6 Ra2 33. Re4 Nc6 34. Rh4# 1-0


[Site "https://www.chess.com"]

[Event "Titled Tuesday Blitz January 31 Early 2023"]
[White "Myshakov, Fyodor"]
[Black "Osiecki, Stanislaw"]
[WhiteFideId "14111284"]
[BlackFideId "1102990"]
[WhiteElo "2292"]
[BlackElo "2055"]
[Result "1-0"]
[Round "09"]
[TimeControl "180+2"]
[Date "2023.01.31"]
[WhiteClock "0:01:15"]
[BlackClock "0:00:01"]

1. c4 Nf6 2. Nc3 g6 3. Nf3 d6 4. g3 Bg7 5. Bg2 e5 6. O-O O-O 7. d4 Nbd7 8. dxe5 dxe5 9. Bg5 h6 10. Bxf6 Bxf6 11. Rc1 Bg7 12. Qd5 c6 13. Qd6 Re8 14. Rfd1 Re6 15. Qd3 Qe7 16. e4 Nc5 17. Qd8+ Qe8 18. Bh3 Re7 19. Bxc8 Rxc8 20. Qxe8+ Rcxe8 21. Rd6 Re6 22. Rcd1 Rxd6 23. Rxd6 Bf8 24. Rd2 a5 25. a3 a4 26. Ne1 Rb8 27. Nc2 b5 28. cxb5 cxb5 29. Rd5 f6 30. Nb4 Rb6 31. Rd8 Kf7 32. Nbd5 Rb7 33. f3 Ne6 34. Rc8 Nd4 35. f4 exf4 36. gxf4 b4 37. axb4 Bxb4 38. Nxa4 Bd2 39. Kg2 Ne6 40. f5 gxf5 41. exf5 Nd4 42. Nab6 Nxf5 43. Rc6 Ne3+ 44. Kf3 Nxd5 45. Nxd5 Rxb2 46. Nxf6 Bg5 47. Ng4 h5 48. Ne5+ Ke7 49. Ng6+ Kf7 50. Ne5+ Ke7 51. h3 Rb3+ 52. Ke4 Rxh3 53. Kf5 Bd2 54. Rc7+ Kd8 55. Rd7+ Ke8 56. Rxd2 Rh1 57. Ke6 1-0


[Site "https://www.chess.com"]

[Event "Titled Tuesday Blitz January 31 Early 2023"]
[White "Zaichenko, Daria"]
[Black "Skliarov, Viktor"]
[WhiteFideId "4197453"]
[BlackFideId "14106736"]
[WhiteElo "2104"]
[BlackElo "2383"]
[Result "1-0"]
[Round "09"]
[TimeControl "180+2"]
[Date "2023.01.31"]
[WhiteClock "0:00:06"]
[BlackClock "0:00:21"]

1. e4 c5 2. Nf3 Nc6 3. d4 cxd4 4. Nxd4 Nf6 5. Nc3 e5 6. Ndb5 d6 7. Bg5 a6 8. Na3 b5 9. Nd5 Be7 10. Bxf6 Bxf6 11. c3 Ne7 12. Nc2 Bb7 13. Nce3 Bg5 14. a4 bxa4 15. Qxa4+ Bc6 16. Qb4 a5 17. Qc4 Bxe3 18. Nxe7 Bxf2+ 19. Ke2 Bd7 20. Nd5 Ba7 21. Nc7+ Ke7 22. Nxa8 Qxa8 23. Rxa5 Qb7 24. Qb4 Bb6 25. Rxe5+ Kd8 26. Qxd6 Bc7 27. Qe7+ Kc8 28. Rc5 Qxb2+ 29. Kf3 Qb6 30. Bc4 Re8 31. Qg5 h6 32. Qd5 Qf6+ 33. Ke3 Qf4+ 34. Kd3 Kd8 35. Re1 Re5 36. Qa8+ Bc8 37. Rxe5 Bxe5 38. Qd5+ Ke7 39. Ra1 Be6 40. Qc5+ Kf6 41. Bxe6 fxe6 42. Qe3 Qxh2 43. Rf1+ Kg6 44. g4 Qb2 45. Qc5 Bf6 46. e5 Bg5 47. Qd4 Qb5+ 48. Qc4 Qxe5 49. Qe4+ Qxe4+ 50. Kxe4 h5 51. c4 hxg4 52. c5 Bd8 53. c6 Bc7 54. Rg1 g3 55. Rd1 g2 56. Kf3 Kf6 57. Kxg2 Ke5 58. Rd7 Bb6 59. c7 Bxc7 60. Rxc7 g5 61. Kf3 Kf6 62. Rc5 e5 63. Kg4 e4 64. Rxg5 e3 65. Rf5+ Ke6 66. Rf1 Ke5 67. Kf3 Kd4 68. Re1 Kc3 69. Rxe3+ Kd2 70. Re4 Kc1 71. Rf4 Kd1 72. Rg4 Kc1 73. Rg2 Kd1 74. Rf2 Kc1 75. Ke3 Kd1 76. Kd3 Ke1 77. Rg2 Kd1 78. Rg1# 1-0


[Site "https://www.chess.com"]

[Event "Titled Tuesday Blitz January 31 Early 2023"]
[White "Pein, Jonathan"]
[Black "Osmonbekov, Talaibek"]
[WhiteFideId "417092"]
[BlackFideId "2017253"]
[WhiteElo "2265"]
[BlackElo "2137"]
[Result "1-0"]
[Round "09"]
[TimeControl "180+2"]
[Date "2023.01.31"]
[WhiteClock "0:01:08"]
[BlackClock "0:00:04"]

1. e4 c5 2. Nc3 a6 3. d4 cxd4 4. Qxd4 Nc6 5. Qd2 Nf6 6. b3 e6 7. Bb2 Qa5 8. a3 Be7 9. b4 Qc7 10. Nf3 O-O 11. Be2 d5 12. exd5 exd5 13. Nxd5 Nxd5 14. Qxd5 Nxb4 15. axb4 Bxb4+ 16. Kf1 Bc3 17. Qb3 Bxb2 18. Qxb2 Bf5 19. Bd3 Bxd3+ 20. cxd3 Rfd8 21. d4 b5 22. h3 h6 23. Rc1 Qb7 24. Ne5 a5 25. h4 a4 26. Rh3 b4 27. Nc6 b3 28. Nxd8 Rxd8 29. Rhc3 Kh7 30. Kg1 Rxd4 31. Rc7 Qd5 32. Qb1+ g6 33. R7c5 1-0


[Site "https://www.chess.com"]

[Event "Titled Tuesday Blitz January 31 Early 2023"]
[White "Orujov, Elshad"]
[Black "Mkrtchian, Lilit"]
[WhiteFideId "13403540"]
[BlackFideId "13300601"]
[WhiteElo "2304"]
[BlackElo "2389"]
[Result "0-1"]
[Round "09"]
[TimeControl "180+2"]
[Date "2023.01.31"]
[WhiteClock "0:00:04"]
[BlackClock "0:01:35"]

1. e4 e6 2. d4 d5 3. Nd2 Be7 4. Bd3 c5 5. dxc5 Nf6 6. e5 Nfd7 7. Ngf3 Nxc5 8. O-O Nxd3 9. cxd3 O-O 10. d4 Bd7 11. Nb3 Bb5 12. Re1 Nc6 13. Be3 Rc8 14. a4 Bc4 15. Nbd2 Bd3 16. Nb3 Bg6 17. Rc1 Nb4 18. Nc5 b6 19. Nb3 Bc2 20. Rxc2 Rxc2 21. Qb1 Qc7 22. h4 Rc8 23. h5 Nd3 24. Rf1 Qc4 25. Nbd2 Qxa4 26. b3 Qa2 27. Qd1 0-1


[Site "https://www.chess.com"]

[Event "Titled Tuesday Blitz January 31 Early 2023"]
[White "Szente Varga, Fruzsina"]
[Black "Toczek, Grzegorz"]
[WhiteFideId "712264"]
[BlackFideId "1106457"]
[WhiteElo "2075"]
[BlackElo "2260"]
[Result "0-1"]
[Round "09"]
[TimeControl "180+2"]
[Date "2023.01.31"]
[WhiteClock "0:00:13"]
[BlackClock "0:00:10"]

1. e4 d6 2. d4 Nf6 3. Nc3 e5 4. dxe5 dxe5 5. Qxd8+ Kxd8 6. Bc4 Be6 7. Bxe6 fxe6 8. Nf3 Nbd7 9. Bg5 Bb4 10. O-O-O Bxc3 11. bxc3 Ke7 12. Nd2 h6 13. Bh4 Nb6 14. Nb3 Na4 15. Rd3 b6 16. f3 Rad8 17. Rhd1 c5 18. Rxd8 Rxd8 19. Rxd8 Kxd8 20. Kd2 Kd7 21. Kd3 Nb2+ 22. Kd2 Kc6 23. Nc1 c4 24. Ne2 Na4 25. Ng1 Nc5 26. Nh3 Kb5 27. Kc1 Na4 28. Kd2 Nc5 29. Kc1 a5 30. Nf2 Kc6 31. Nd1 b5 32. Ne3 Ncd7 33. Bg3 Kc5 34. Bf2 Kc6 35. Kd2 Nh5 36. Ng4 Nf4 37. Bg3 Ng6 38. h4 Kd6 39. Ke3 Nf6 40. Nf2 Nh5 41. Bh2 Nhf4 42. g3 Nh5 43. Nd1 Nf6 44. Nb2 Kc5 45. Bg1 b4 46. Kd2+ Kb5 47. cxb4 axb4 48. c3 b3 49. axb3 cxb3 50. Ba7 Ne7 51. Bb8 Nc6 52. Bd6 Ne8 53. Bf8 h5 54. c4+ Kb6 55. Kc3 Nd4 56. f4 Ne2+ 57. Kxb3 Nxg3 58. fxe5 Nxe4 59. Kb4 Kc6 60. Nd3 Ng3 61. Nf4 Nf5 62. Nxh5 Nxh4 63. Kc3 Ng6 64. Kd4 Nxf8 65. Nf4 Kd7 66. Ke4 g5 67. Nd3 Ng6 68. Nc5+ Ke7 69. Nd3 Ng7 70. c5 Nf5 71. c6 Nf4 72. Nc5 Ng3+ 73. Kd4 Nge2+ 74. Ke4 Nd5 75. Nb7 Nec3+ 76. Kd4 Nb5+ 77. Kc5 Nbc7 78. Nd6 g4 79. Ne4 Kf7 80. Kd6 Kg6 81. Nc5 Kf5 82. Nxe6 Nxe6 83. Kxd5 g3 84. Kd6 g2 85. c7 Nxc7 86. Kxc7 Kxe5 87. Kd7 g1=Q 88. Ke7 0-1


[Site "https://www.chess.com"]

[Event "Titled Tuesday Blitz January 31 Early 2023"]
[White "Vaglio Munoz, Jaime"]
[Black "Heinemann, Josefine"]
[WhiteFideId "6500145"]
[BlackFideId "12900460"]
[WhiteElo "2174"]
[BlackElo "2289"]
[Result "0-1"]
[Round "09"]
[TimeControl "180+2"]
[Date "2023.01.31"]
[WhiteClock "0:01:01"]
[BlackClock "0:01:23"]

1. d4 Nf6 2. c4 g6 3. f3 d5 4. cxd5 Nxd5 5. e4 Nb6 6. a4 a5 7. Nc3 Bg7 8. Be3 Nc6 9. Bb5 O-O 10. Nge2 Nb4 11. O-O c6 12. Bd3 Nxd3 13. Qxd3 Be6 14. Nf4 Bc4 15. Qd2 Bxf1 16. Rxf1 Nc4 17. Qf2 Nxe3 18. Re1 Nc4 19. d5 Qb6 20. Qxb6 Nxb6 21. dxc6 bxc6 22. e5 Rfd8 23. Re2 Nc4 24. e6 Bxc3 25. bxc3 Rd1+ 26. Kf2 Rd2 27. exf7+ Kxf7 28. Rxd2 Nxd2 29. Ke2 Rd8 30. Nd3 Nb1 31. Ne5+ Ke6 32. Nxc6 Nxc3+ 33. Ke3 Rd6 34. Nxa5 Kd5 35. Nb3 Nxa4 36. Nd2 Nc3 37. Kd3 Nb5 38. Ne4 Ra6 39. Ke3 Nd6 40. Ng5 h5 41. Kf2 Ra2+ 42. Kg3 Nf5+ 43. Kh3 Ne3 44. g3 Nf1 45. Kh4 Rxh2+ 46. Nh3 e5 47. f4 e4 48. g4 e3 49. f5 Rxh3+ 50. Kxh3 hxg4+ 51. Kxg4 gxf5+ 52. Kf3 f4 53. Ke2 Nh2 54. Kd3 Ke5 55. Ke2 Ke4 56. Ke1 f3 0-1


[Site "https://www.chess.com"]

[Event "Titled Tuesday Blitz January 31 Early 2023"]
[White "Sai Han Thiha"]
[Black "SicilianPanzer"]
[WhiteFideId "13012290"]
[WhiteElo "2070"]
[BlackElo "2195"]
[Result "1-0"]
[Round "09"]
[TimeControl "180+2"]
[Date "2023.01.31"]
[WhiteClock "0:00:17"]
[BlackClock "0:00:01"]

1. d4 Nf6 2. c4 e6 3. Nf3 a6 4. Nc3 d5 5. cxd5 exd5 6. Bg5 c6 7. e3 Bd6 8. Bd3 Be6 9. Ne5 Nbd7 10. f4 h6 11. Bh4 g5 12. fxg5 hxg5 13. Bg3 Qc7 14. Rf1 Nxe5 15. dxe5 Bxe5 16. Rxf6 Bxg3+ 17. hxg3 Qxg3+ 18. Rf2 Rh1+ 19. Bf1 Qxe3+ 20. Qe2 Qb6 21. O-O-O O-O-O 22. Na4 Qb4 23. Qc2 d4 24. a3 Qd6 25. Nc5 Qg3 26. Bd3 Qe3+ 27. Rd2 Rxd1+ 28. Qxd1 Bd5 29. Qe2 Qxe2 30. Rxe2 1-0


[Site "https://www.chess.com"]

[Event "Titled Tuesday Blitz January 31 Early 2023"]
[White "Rian, Kapriaga"]
[Black "Zampronha, Wladimir Camilo"]
[WhiteFideId "7103263"]
[BlackFideId "2103087"]
[WhiteElo "2089"]
[BlackElo "2176"]
[Result "1-0"]
[Round "09"]
[TimeControl "180+2"]
[Date "2023.01.31"]
[WhiteClock "0:00:16"]
[BlackClock "0:00:09"]

1. d4 Nf6 2. Nf3 e6 3. Bg5 d5 4. Nbd2 c5 5. e3 Nc6 6. c3 h6 7. Bh4 Be7 8. Bd3 O-O 9. Ne5 Nxe5 10. dxe5 Nd7 11. Bxe7 Qxe7 12. f4 f6 13. exf6 Nxf6 14. Nf3 Bd7 15. Qe2 Rae8 16. Ne5 Qd6 17. O-O Bc8 18. Rad1 Nd7 19. Qh5 c4 20. Bc2 Qb6 21. Qg6 Qxe3+ 22. Kh1 Nf6 23. g4 Ne4 24. Rde1 Nf2+ 25. Kg2 Qh3+ 26. Kxf2 Rxf4+ 27. Kg1 Rxf1+ 28. Rxf1 Qe3+ 29. Kg2 Qe2+ 30. Rf2 Qe4+ 31. Bxe4 1-0


[Site "https://www.chess.com"]

[Event "Titled Tuesday Blitz January 31 Early 2023"]
[White "Hertlein, Irena"]
[Black "Cueto, Jonny"]
[WhiteFideId "21817618"]
[BlackFideId "3300145"]
[WhiteElo "1994"]
[BlackElo "2122"]
[Result "0-1"]
[Round "09"]
[TimeControl "180+2"]
[Date "2023.01.31"]
[WhiteClock "0:01:09"]
[BlackClock "0:01:25"]

1. Nf3 e6 2. c4 Nf6 3. b3 d5 4. Bb2 c5 5. e3 Nc6 6. cxd5 exd5 7. Be2 Be7 8. d4 cxd4 9. Nxd4 Bb4+ 10. Nc3 Qa5 11. Rc1 Ne4 12. Qd3 Qxa2 13. Nxc6 bxc6 14. O-O Qxb2 15. Qxe4+ dxe4 0-1


[Site "https://www.chess.com"]